 Dungeon Sprint DCSS version 0.28-a0-224-g76b539d98b (webtiles) character file.

Game seed: 6339264966761184851

1801 MikeHunt the Covert (level 9, -7/57 (61) HPs)
             Began as an Octopode Conjurer on Aug 21, 2021.
             Was a Believer of Hepliaklqana.
             Succumbed to Josephine's poison
             ... in the Dungeon (Sprint VII: "The Pits").
             The game lasted 00:08:05 (1094 turns).

MikeHunt the Covert (Octopode Conjurer)             Turns: 1094, Time: 00:08:06

HP:   -7/57 (61)    AC:  1    Str:  6    XL:     9   Next: 9%
MP:   2/21          EV: 15    Int: 24    God:    Hepliaklqana [**....]
Gold: 0             SH:  0    Dex: 10    Spells: 10/24 levels left

rFire   . . .      SeeInvis .   g - +2 dagger (venom)
rCold   . . .      Faith    .   (no shield)
rNeg    . . .      Spirit   .   (helmet restricted)
rPois   .          Reflect  .   (no amulet)
rElec   .          Harm     .   (no ring)
rCorr   .          Rampage  .   (no ring)
Will    .....      NoTele   +   (no ring)
Stlth   +++++.....              (no ring)
HPRegen 0.19/turn               (no ring)
MPRegen 0.17/turn               (no ring)
                                (no ring)
                                (no ring)

@: lethally poisoned (-7 -> -44), slowed, drained, very slow
A: reduced essence, almost no armour, amphibious, 8 rings, camouflage 1,
gelatinous body 1, (nimble swimmer 1), tentacles
a: Renounce Religion, Ancestor Life: Knight, Ancestor Life: Battlemage, Ancestor
Life: Hexer, Recall Ancestor, Ancestor Identity


You were in the Dungeon.
You worshipped Hepliaklqana.
Hepliaklqana was pleased with you.
You visited 1 branch

Inventory:

Hand Weapons
 g - a +2 dagger of venom (weapon)
Scrolls
 i - a scroll of summoning
Potions
 a - 5 potions of curing
 b - 4 potions of heal wounds
 c - a potion of haste
 d - 4 potions of magic
 e - 2 potions of berserk rage
 h - 2 potions of invisibility


   Skills:
 + Level 9.2 Fighting
 - Level 7.1 Dodging
 - Level 10.0 Stealth
 - Level 8.4 Spellcasting
 - Level 9.8 Conjurations
 - Level 6.6 Hexes
 - Level 4.0 Translocations


You had 10 spell levels left.
You knew the following spells:

 Your Spells              Type           Power      Damage    Failure   Level
a - Magic Dart            Conj           100%       1d8       1%          1
b - Dazzling Flash        Conj/Hex       98%        N/A       1%          3
d - Iskenderun's Mystic   Conj/Tloc      43%        2d10      3%          4
r - Searing Ray           Conj           100%       3d7       1%          2
t - Fulminant Prism       Conj/Hex       24%        3d13      1%          4

Your spell library contained the following spells:

 Spells                   Type           Power      Damage    Failure   Level


Dungeon Overview and Level Annotations

Branches:
Dungeon (1/1)

Altars:
Ashenzari
Cheibriados
Dithmenos
Elyvilon
Fedhas
Gozag
Hepliaklqana
Kikubaaqudgha
Makhleb
Nemelex Xobeh
Okawaru
Qazlal
Ru
Sif Muna
Trog
Uskayaw
Vehumet
Wu Jian
Xom
Yredelemnul
Zin
The Shining One
Beogh
Jiyva
Lugonu

Annotations:
D Josephine


Innate Abilities, Weirdness & Mutations

Your life essence is reduced to manifest your ancestor. (-10% HP)
You cannot wear most types of armour.
You are amphibious.
You can wear up to eight rings at the same time.
Your skin changes colour to match your surroundings (Stealth+).
Your rubbery body absorbs attacks. (AC +1, EV +1)
((You are camouflaged near water. (Stealth+)))
You have tentacles for arms and can constrict up to eight enemies at once.


Message History

You feel a bit more experienced.
Your Fighting skill gained 3 levels and is now at level 9!
You have reached level 9!
Your experience leads to an increase in your attributes!
Increase (S)trength, (I)ntelligence, or (D)exterity?
You feel clever.
The searing ray hits Josephine.
Josephine is severely wounded.
You feel very sick. Josephine misses you.
Josephine hits you with a +4 dagger of venom.
You are lethally poisoned!
Okay, then.
Unknown command.
You feel better. Josephine closely misses you. The wraith hits you.
The wraith drains your vigour!
You feel yourself slow down.
You aren't carrying any items that you can evoke.
Okay, then.
Unknown command.
Okay, then.
Unknown command.
Josephine barely misses you.
Things that are here:
a +0 trident; an orc corpse You aren't carrying any items that you can evoke.
You feel much better.
Josephine gestures at you while chanting.
The ghostly flame explodes!
The ghostly fireball engulfs you!!
You feel drained.
The ghostly fireball engulfs Josephine.
Josephine completely resists.
Josephine hits you with a +4 dagger of venom!
* * * LOW HITPOINT WARNING * * *
You are lethally poisoned!
Josephine hits you with a +4 dagger of venom!
* * * LOW HITPOINT WARNING * * *
You are more poisoned.
Blink to where?
Press: ? - help, Dir - move target
As you read the scroll of blinking, it crumbles to dust.
You die...

#.#........##.......#
#'###########.......#
#..÷....#..##########
#.......#)# ####
#...#...#§#....#
#..###..#@#†...#
#...#...#WW....+
#.......#'#....#
#.......@.#....#
########### ####


You could see Josephine (fast) and 2 wraiths.

Vanquished Creatures
  A deep elf zephyrmancer (D)
  A troll (D)
  3 wraiths (D)
  An orc warrior (D)
  A necrophage (D)
  A wolf (D)
  A centaur (D)
  A phantom (D)
  3 scorpions (D)
  A hound (D)
  An iron imp (D)
  An orc priest (D)
  An orc wizard (D)
  A mummy (D)
  2 ufetubi (D)
  2 adder zombies (D)
  A hobgoblin (D)
  A quokka (D)
  A bat (D)
  A giant cockroach zombie (D)
26 creatures vanquished.

Vanquished Creatures (others)
  2 ancestors (D)
  7 fulminant prisms (D)
9 creatures vanquished.

Grand Total: 35 creatures vanquished

Notes
Turn   | Place    | Note
-------+----------+-------------------------------------------
     0 | D        | MikeHunt the Octopode Conjurer began the quest for the Orb.
     0 | D        | Reached XP level 1. HP: 11/11 MP: 3/3
    69 | D        | Found a glowing golden altar of the Shining One.
    69 | D        | Found a glowing silver altar of Zin.
    69 | D        | Found a basalt altar of Yredelemnul.
    69 | D        | Found a shimmering altar of Xom.
    69 | D        | Found an ornate altar of the Wu Jian Council.
    69 | D        | Found a bloodstained altar of Trog.
    69 | D        | Found a shimmering blue altar of Sif Muna.
    69 | D        | Found a sacrificial altar of Ru.
    69 | D        | Found a stormy altar of Qazlal.
    69 | D        | Found an iron altar of Okawaru.
    69 | D        | Found a sparkling altar of Nemelex Xobeh.
    69 | D        | Found a burning altar of Makhleb.
    69 | D        | Found a viscous altar of Jiyva.
    69 | D        | Found a hazy altar of Hepliaklqana.
    69 | D        | Found an opulent altar of Gozag.
    69 | D        | Found a blossoming altar of Fedhas.
    69 | D        | Found a white marble altar of Elyvilon.
    69 | D        | Found a shadowy altar of Dithmenos.
    69 | D        | Found a snail-covered altar of Cheibriados.
    70 | D        | Found a radiant altar of Vehumet.
    70 | D        | Found a corrupted altar of Lugonu.
    71 | D        | Found a hide-covered altar of Uskayaw.
    71 | D        | Found an ancient bone altar of Kikubaaqudgha.
    71 | D        | Found a broken altar of Ashenzari.
    74 | D        | Became a worshipper of Hepliaklqana the Forgotten
    82 | D        | Noticed a scorpion
    87 | D        | Killed a scorpion
    88 | D        | Reached skill level 5 in Spellcasting
    88 | D        | Reached XP level 2. HP: 6/17 MP: 4/8
    88 | D        | Reached XP level 3. HP: 7/21 MP: 4/9
    88 | D        | Reached XP level 4. HP: 9/27 MP: 4/11
    94 | D        | HP: 1/27 [poisoned by a scorpion]
   378 | D        | Learned a level 2 spell: Searing Ray
   385 | D        | Learned a level 3 spell: Dazzling Flash
   387 | D        | Noticed a scorpion
   392 | D        | Killed a scorpion
   393 | D        | Reached skill level 4 in Stealth
   393 | D        | Reached skill level 1 in Hexes
   393 | D        | Reached XP level 5. HP: 27/31 MP: 4/13
   466 | D        | Learned a level 4 spell: Fulminant Prism
   473 | D        | Reached skill level 5 in Stealth
   643 | D        | Reached * piety under Hepliaklqana
   653 | D        | Noticed a necrophage
   672 | D        | Reached skill level 6 in Stealth
   681 | D        | Killed a necrophage
   682 | D        | Reached skill level 7 in Stealth
   682 | D        | Reached XP level 6. HP: 32/32 MP: 2/16
   739 | D        | Reached skill level 5 in Dodging
   829 | D        | Reached skill level 8 in Stealth
   829 | D        | Reached skill level 5 in Hexes
   829 | D        | Reached XP level 7. HP: 19/36 MP: 13/17
  1000 | D        | Noticed a deep elf zephyrmancer
  1005 | D        | Killed a deep elf zephyrmancer
  1006 | D        | Reached skill level 10 in Stealth
  1006 | D        | Reached XP level 8. HP: 41/41 MP: 11/20
  1011 | D        | Learned a level 4 spell: Iskenderun's Mystic Blast
  1079 | D        | Reached ** piety under Hepliaklqana
  1079 | D        | Noticed a troll
  1079 | D        | Noticed Josephine
  1079 | D        | Noticed a wraith
  1079 | D        | Noticed a wraith
  1079 | D        | Noticed a wraith
  1079 | D        | Noticed a wraith
  1079 | D        | Noticed a wraith
  1083 | D        | Killed a wraith
  1083 | D        | Killed a wraith
  1089 | D        | Killed a wraith
  1089 | D        | Killed a troll
  1090 | D        | Reached XP level 9. HP: 36/61 MP: 2/21
  1094 | D        | Succumbed to Josephine's poison

Illustrated notes

Levels and vault maps discovered:
D:        pitsprint [storerooms_1, entrance_room_1, metal_vault_6, armoury_2,
          mini_pit_1, grid_room_1, main_hall_1, silver_pit, the_coven_3,
          the_vestibule_1, steel_vault_1, golden_pit, hallway_of_sentries,
          crystal_vault_4, iron_vault_2, final_vault]

Skill      XL: |  1  2  3  4  5  6  7  8 |
---------------+-------------------------+-----
Spellcasting   | 5 7 8 |  8.4
Conjurations   | 6 7 8 9 |  9.8
Stealth        | 4 7 8 10 | 10.0
Hexes          | 1 4 5 6 |  6.6
Dodging        | 4 5 7 |  7.1
Fighting       | 9 |  9.2
Translocations | 4 |  4.0

Action                   |  1- 3 |  4- 6 |  7- 9 || total
-------------------------+-------+-------+-------++-------
Melee: Dagger            |     3 |     3 |       ||     6
       Constrict         |     1 |     1 |       ||     2
 Cast: Magic Dart        |     2 |       |       ||     2
       Searing Ray       |       |     8 |     7 ||    15
       Fulminant Prism   |       |     5 |     2 ||     7
Invok: Recall Ancestor   |       |     1 |     1 ||     2
       Ancestor Identity |       |       |     1 ||     1
  Use: Potion            |     1 |       |     3 ||     4
       Scroll            |       |       |     1 ||     1
Armor: Skin              |       |     2 |       ||     2
Dodge: Dodged            |     2 |     5 |    11 ||    18

Table legend: (Time is in decaauts)
 A = Elapsed time spent in this place.
 B = Non-inter-level travel time spent in this place.
 C = Inter-level travel time spent in this place.
 D = Time resting spent in this place.
 E = Time spent auto-exploring this place.
 F = Levels seen in this place.
 G = Mean time per level.
                   A        B        C        D        E       F      G
               +--------+--------+--------+--------+--------+-----+--------+
         Total |   1101 |   1101 |      0 |    808 |      0 |   1 | 1101.0 |
       Dungeon |   1101 |   1101 |      0 |    808 |      0 |   1 | 1101.0 |
               +--------+--------+--------+--------+--------+-----+--------+

Top non-repeatable levels by time:
       D: 1101 daAuts
